Map: Year Zero LE

Players

Rail

  • Race: Protoss Protoss
  • League: Grandmaster
  • Spawn Location: 11:00

Serral - Winner!

  • Race: Zerg Zerg
  • League: Master
  • Spawn Location: 1:00

Event: 2019 WCS Winter Europe

VOD

Have the link to the VOD?

Description

Time

  • Played on: March 23, 2019, 11:13 a.m.
  • Length: 9:58

All games in this series

Show
View Real Time Build Order
Export as new Build Order

Rail Protoss 

Build Orders: Nexus First, Oracle Opening, Phoenix Opening, Zealot Archon, Archon Drop 

Get SALT Encoding   

  12  0:00  Probe  
  13  0:12  Probe  
  14  0:19  Pylon  
  14  0:25  Probe  
  15  0:33  Probe  
  15  0:41  Probe  
  17  0:51  Probe  
  18  1:03  Nexus  
  18  1:13  Gateway  
  18  1:15  Probe  
  19  1:20  Assimilator  
  19  1:25  Assimilator  
  19  1:28  Probe  
  20  1:34  Pylon  
  20  1:37  Probe  
  20  1:45  Probe  
  22  1:54  Probe  
  22  2:01  Cybernetics Core  
  23  2:05  Zealot, Probe  
  26  2:11  Probe  
  26  2:13  Probe  
  26  2:19  Probe  
  26  2:21  Probe  
  30  2:30  Probe  
  30  2:33  Probe  
  30  2:35  Gateway  
  32  2:41  Pylon  
  32  2:42  Probe  
  33  2:50  Stargate  
  33  2:51  Probe  
  33  2:55  Probe  
  35  3:01  Warp Gate, Adept  
  35  3:04  Probe  
  38  3:06  Probe  
  38  3:09  Pylon  
  39  3:13  Probe  
  39  3:14  Probe  
  41  3:21  Probe  
  41  3:22  Probe  
  41  3:26  Assimilator  
  43  3:29  Assimilator  
  43  3:30  Probe  
  43  3:33  Phoenix, Probe  
  46  3:40  Twilight Council  
  47  3:42  Probe  
  47  3:45  Probe  
  49  3:58  Oracle  
  49  4:01  Probe  
  53  4:07  Charge  
  53  4:08  Pylon, Robotics Facility  
  54  4:21  Gateway  
  54  4:22  Gateway x2  
  53  4:32  Templar Archives  
  53  4:34  Gateway  
  53  4:35  Gateway  
  53  4:40  Gateway  
  53  4:43  Pylon  
  53  4:45  Warp Prism  
  53  4:46  Pylon  
  53  4:52  Adept  
  55  4:53  Adept  
  59  5:11  Pylon  
  59  5:14  High Templar x2, Pylon  
  59  5:20  Archon  
  59  5:21  Nexus  
  63  5:30  High Templar x2  
  63  5:31  Zealot  
  63  5:32  Zealot  
  63  5:34  Pylon  
  63  5:35  Archon  
  71  5:38  Zealot  
  71  5:39  Zealot  
  75  5:50  Zealot x2  
  79  6:06  Zealot x5  
  79  6:09  Zealot  
  91  6:15  Zealot x2  
  82  6:30  Zealot x3  
  82  6:31  Zealot x2  
  86  6:35  Zealot  
  86  6:39  Zealot  
  86  6:47  Zealot  
  86  6:52  High Templar x4  
  86  6:54  Sentry  
  96  6:56  Archon x2  
  96  6:57  Zealot  
  96  7:00  Zealot  
  100  7:05  Probe  
  100  7:08  Zealot  
  103  7:14  Sentry  
  105  7:18  Zealot x2  
  105  7:21  Zealot x2  
  111  7:22  Zealot  
  111  7:23  Zealot  
  115  7:32  Observer  
  115  7:33  Probe  
  117  7:54  Probe x2  
  117  7:55  Probe  
  114  8:00  Pylon  
  114  8:01  Pylon  
  114  8:04  Zealot x3  
  114  8:05  Zealot  
  116  8:06  Probe  
  116  8:09  Pylon  
  107  8:21  Zealot  
  107  8:23  Zealot x3  
  107  8:25  Zealot x2  
  107  8:26  Zealot  
Show
View Real Time Build Order
Export as new Build Order

Serral Zerg - Winner!

Build Orders: Hatch First 

Get SALT Encoding   

  12  0:00  Drone  
  13  0:13  Overlord  
  13  0:18  Drone  
  14  0:32  Drone x2  
  16  0:50  Hatchery  
  16  0:52  Drone  
  16  0:57  Drone  
  16  1:00  Drone  
  18  1:12  Extractor  
  18  1:15  Spawning Pool  
  16  1:19  Drone  
  16  1:22  Drone  
  18  1:28  Drone  
  19  1:39  Drone  
  20  1:49  Overlord  
  20  2:01  Queen  
  20  2:02  Queen, Zergling x2  
  20  2:03  Zergling x2  
  26  2:12  Metabolic Boost  
  26  2:14  Drone  
  26  2:15  Drone  
  28  2:22  Drone  
  29  2:23  Drone  
  30  2:33  Drone  
  30  2:34  Drone  
  32  2:51  Hatchery  
  31  2:52  Overlord  
  31  2:56  Queen  
  33  2:58  Drone  
  33  3:00  Drone  
  33  3:03  Drone  
  36  3:07  Overlord  
  36  3:10  Drone  
  37  3:13  Drone  
  37  3:14  Drone  
  37  3:17  Drone  
  37  3:19  Drone  
  41  3:23  Drone x2  
  41  3:25  Drone  
  44  3:27  Drone  
  44  3:31  Drone  
  46  3:34  Queen  
  48  3:42  Overlord  
  48  3:43  Drone  
  48  3:44  Drone  
  48  3:45  Drone  
  48  3:46  Drone  
  52  3:49  Overlord  
  52  3:59  Spore Crawler  
  52  4:03  Drone x4  
  52  4:06  Queen  
  52  4:07  Drone x2  
  60  4:13  Drone x2  
  62  4:17  Spore Crawler  
  62  4:19  Spore Crawler x2  
  62  4:21  Lair  
  59  4:25  Roach Warren  
  59  4:27  Drone  
  59  4:29  Drone  
  60  4:34  Overlord  
  60  4:35  Zergling x4  
  62  4:38  Zergling x2  
  62  4:39  Drone x2  
  62  4:43  Extractor x2  
  62  4:44  Zergling x6  
  66  4:47  Overlord  
  66  4:49  Overlord  
  66  4:54  Drone x4  
  66  4:56  Drone  
  66  4:59  Drone  
  72  5:08  Drone x3  
  72  5:13  Overlord, Extractor  
  76  5:14  Evolution Chamber, Drone x4  
  76  5:18  Glial Reconstitution, Drone  
  80  5:23  Overlord  
  80  5:24  Roach  
  80  5:28  Roach x2  
  85  5:32  Drone  
  85  5:33  Spire  
  85  5:36  Extractor  
  85  5:37  Extractor  
  85  5:39  Roach x2  
  87  5:43  Roach x2  
  87  5:49  Drone x2  
  97  5:50  Drone x7  
  97  5:52  Zerg Missile Weapons Level 1  
  97  5:56  Roach x2  
  102  6:01  Roach  
  102  6:02  Roach, Spine Crawler  
  103  6:11  Roach  
  103  6:14  Overlord x2  
  103  6:16  Roach  
  103  6:17  Roach x2  
  105  6:20  Roach  
  105  6:23  Roach x2  
  106  6:28  Roach x2  
  106  6:32  Roach  
  104  6:34  Roach x3  
  104  6:35  Spine Crawler  
  104  6:38  Roach x4  
  114  6:46  Roach  
  114  6:52  Queen  
  113  6:56  Overlord  
  113  6:57  Overlord, Queen, Spine Crawler  
  114  7:03  Spine Crawler  
  114  7:05  Queen, Spine Crawler  
  114  7:07  Overlord x2  
  114  7:16  Roach x4  
  114  7:17  Roach  
  114  7:19  Roach x2  
  128  7:24  Ravager x2  
  128  7:27  Overlord  
  128  7:28  Spine Crawler  
  129  7:31  Roach x2  
  133  7:37  Roach  
  133  7:40  Roach x2  
  133  7:43  Ravager x3  
  142  7:44  Ravager  
  142  7:45  Ravager  
  142  7:47  Roach  
  142  7:50  Roach  
  148  7:53  Roach  
  148  7:58  Roach  
  144  8:01  Roach x2  
  144  8:04  Roach x3  
  144  8:05  Roach x3  
  150  8:23  Roach x4  
  150  8:25  Roach  
  152  8:31  Roach  
Tags
 
Add a new tag
Caveats
  • Supply blocks, unpowered buildings, or Contaminate may cause inaccurate times.
  • Supply counts are checked every 10 seconds.